 Dungeon Crawl Stone Soup version 0.28-a0-429-g1448048969 (webtiles) character file.

Game seed: 12047791772986043147

4694 rogsnak the Arsonist (level 10, -4/66 HPs)
             Began as a Barachi Fire Elementalist on Sept 10, 2021.
             Was a Priest of Sif Muna.
             Shot with an arrow by a centaur warrior (16 damage)
             ... on level 8 of the Dungeon on Sept 11, 2021.
             The game lasted 00:22:04 (10571 turns).

rogsnak the Arsonist (Barachi Fire Elementalist)   Turns: 10571, Time: 00:22:05

Health: -4/66      AC:  9    Str: 10    XL:     10   Next: 44%
Magic:  31/31      EV: 12    Int: 18    God:    Sif Muna [***...]
Gold:   427        SH:  0    Dex: 19    Spells: 17/26 levels left

rFire   . . .      SeeInvis .   B - +2 dagger (venom)
rCold   . . .      Faith    .   (no shield)
rNeg    . . .      Spirit   .   o - +0 acid dragon scales
rPois   .          Reflect  .   (no helmet)
rElec   .          Harm     .   (no cloak)
rCorr   +          Rampage  .   q - +2 pair of gloves
Will    .....                   (no boots)
Stlth   ++........              (no amulet)
HPRegen 0.21/turn               e - +6 ring of dexterity
MPRegen 0.22/turn               G - ring of magical power

@: slow
A: amphibious, slowness 1, strong legs 1, +LOS
a: Hop, Renounce Religion, Channel Magic, Forget Spell


You were on level 8 of the Dungeon.
You worshipped Sif Muna.
Sif Muna was most pleased with you.
You visited 1 branch of the dungeon, and saw 8 of its levels.

You collected 427 gold pieces.

Inventory:

Hand Weapons
 k - a +0 dagger
 t - a +0 whip of electrocution
 u - a +4 flail
 B - a +2 dagger of venom (weapon)
 M - a +5 flail
Missiles
 i - 73 arrows
 p - 222 stones
 C - 29 bolts
 N - 71 poisoned darts
Armour
 a - a +0 robe
 o - +0 acid dragon scales (worn)
 q - a +2 pair of gloves (worn)
 I - +0 steam dragon scales
Magical Staves
 K - a staff of earth
 L - a staff of cold
Jewellery
 e - a +6 ring of dexterity (left hand)
 s - a ring of ice
 x - a ring of flight
 G - a ring of magical power (right hand)
Wands
 g - a wand of iceblast (8)
 r - a wand of charming (7)
Scrolls
 d - a scroll of amnesia {unknown}
 f - 4 scrolls of teleportation {unknown}
 n - 6 scrolls of identify {unknown}
 v - a scroll of fog {unknown}
 y - a scroll of magic mapping {unknown}
 D - 2 scrolls of noise {unknown}
 F - 4 scrolls of immolation {unknown}
 J - 2 scrolls of vulnerability {unknown}
 P - a scroll of summoning {unknown}
Potions
 b - a potion of degeneration {unknown}
 c - 5 potions of lignification
 h - a potion of haste {unknown}
 j - a potion of mutation {unknown}
 l - 3 potions of resistance
 m - a potion of cancellation {unknown}
 w - 2 potions of curing {unknown}
 z - a potion of flight {unknown}
 A - a potion of invisibility {unknown}
 E - a potion of magic {unknown}
 H - 3 potions of heal wounds {unknown}
 O - a potion of brilliance {unknown}


   Skills:
 + Level 1.5 Fighting
 + Level 3.0 Armour
 + Level 2.8 Dodging
 - Level 2.0 Stealth
 + Level 8.9 Spellcasting
 * Level 9.0 Conjurations
 + Level 9.9 Fire Magic


You had 17 spell levels left.
You knew the following spells:

 Your Spells              Type           Power      Damage    Failure   Level
a - Foxfire               Conj/Fire      100%       2x1d9     1%          1
b - Scorch                Fire           86%        2d9       1%          2
c - Flame Wave            Conj/Fire      42%        3d8       2%          4
d - Searing Ray           Conj           80%        2d7       1%          2

Your spell library contained the following spells:

 Spells                   Type           Power      Damage    Failure   Level
 Magic Dart               Conj           100%       1d8       1%          1
 Conjure Flame            Conj/Fire      42%        6-21      1%          3
 Inner Flame              Hex/Fire       25%        N/A       5%          3
 Slow                     Hex            8%         N/A       22%         2
 Fulminant Prism          Conj/Hex       12%        3d9       22%         4
 Confusing Touch          Hex            8%         N/A       38%         3
 Gell's Gravitas          Tloc           4%         N/A       38%         3
 Lesser Beckoning         Tloc           8%         N/A       38%         3
 Teleport Other           Tloc           8%         N/A       38%         3
 Vampiric Draining        Necr           4%         2d6       38%         3
 Conjure Ball Lightning   Conj/Air       12%        3x3d6     98%         6
 Discord                  Hex            4%         N/A       100%        8
 Disjunction              Tloc           4%         N/A       100%        8
 Chain Lightning          Conj/Air       12%        3d16      100%        9
 Fire Storm               Conj/Fire      21%        8d5       100%        9
 Shatter                  Erth           4%         3d7*      100%        9


Dungeon Overview and Level Annotations

Branches:
Dungeon (8/15)             Temple (0/1) D:5
   Lair: D:8-11

Altars:
Hepliaklqana
Nemelex Xobeh
Okawaru
Sif Muna
Uskayaw
Vehumet
Xom
Zin

Annotations:
D:8 2 transporters, dolemite99's ghost, novice GrEE


Innate Abilities, Weirdness & Mutations

You are amphibious.
You cover ground slowly.
You can hop short distances.
You have an extended range of vision and can be seen from far away.


Message History

Casting: Foxfire (safe; 1% risk of failure)
Confirm with . or Enter, or press ? or * to list all spells.
Flames lash the sky beast.
The sky beast is lightly wounded.
The sky beast's fire resistance burns away.
The foxfire hits the sky beast but does no damage.
The sky beast is lightly wounded.
Casting: Scorch (safe; 1% risk of failure)
Confirm with . or Enter, or press ? or * to list all spells.
Flames lash the sky beast.
The sky beast is burned terribly!
The sky beast is severely wounded.
Unknown command.
Casting: Scorch (safe; 1% risk of failure)
Confirm with . or Enter, or press ? or * to list all spells.
Flames lash the sky beast.
The sky beast is burned terribly!
You kill the sky beast!
Sif Muna accepts your kill.
Your Armour skill increases to level 3!
You see here a bullfrog corpse.
i - 73 arrows (gained 15)
You open the door.
You see here a bullfrog corpse.
Found a book of Dreams.
The centaur warrior wields a +0 shortbow.
The centaur warrior shoots an arrow.
The arrow hits you!!
Unknown command.
You start resting.
The centaur warrior shoots an arrow.
The arrow hits you!!
Aiming: Charm
Press: ? - help, Shift-Dir - straight line, f - centaur warrior
Aim: a centaur warrior, wielding a +0 shortbow and quivering arrows (chance to affect: 28%)
The centaur warrior easily resists.
The centaur warrior shoots an arrow.
The arrow hits you!
* * * LOW HITPOINT WARNING * * *
Aiming: Charm
Press: ? - help, Shift-Dir - straight line, f/p - centaur warrior
Aim: a centaur warrior, wielding a +0 shortbow and quivering arrows (chance to affect: 28%)
The centaur warrior easily resists.
The centaur warrior shoots an arrow.
The arrow hits you!
You die...

.##...#..####
.####....## ....#.#
.... #.......#
...##... ...#
......#.#.# ...#
...#
#..######.#.#.##
...# ...+
..#...........#####
...# ...#
.#c####.#.#.[....#
#### ....
:....#...##..####
##+..
#.#.####.....# ...
#!#@.....###.#
#.....#......#
#####.#...#########
##................#
#.........#######.#
#..................
#...#......########
#...###.####
#.......#


You could see a centaur warrior.

Vanquished Creatures
  Maggie (D:6)
  A hornet (D:8)
  Grinder (D:6)
  A wyvern (D:8)
  A steam dragon (D:7)
  4 water moccasins
  Duvessa (D:6)
  2 black bears
  3 sky beasts
  2 necrophages (D:4)
  An ice beast (D:5)
  2 ogres (D:4)
  A centaur (D:5)
  2 phantoms
  A kobold brigand (D:8)
  6 bullfrogs
  2 scorpions
  Dowan (D:6)
  A water moccasin zombie (D:5)
  3 killer bees (D:8)
  5 wights (D:6)
  2 centaur zombies
  A bullfrog zombie (D:7)
  4 orc priests
  3 hounds
  4 jellies
  3 bullfrog skeletons
  5 iguanas
  4 orc wizards
  A killer bee zombie (D:8)
  A hound zombie (D:4)
  A hound skeleton (D:4)
  7 gnolls (D:6)
  A howler monkey skeleton (D:5)
  10 adders
  2 white imps
  An ufetubus (D:4)
  An adder skeleton (D:4)
  2 worms (D:2)
  5 dart slugs
  20 orcs
  6 ball pythons
  4 endoplasms
  A giant cockroach (D:4)
  8 goblins
  9 hobgoblins
  4 jackals
  14 kobolds
  3 quokkas
  5 bats
  2 frilled lizards
  A quokka skeleton (D:3)
  8 rats
185 creatures vanquished.

Vanquished Creatures (collateral kills)
  2 foxfires (D:2)
2 creatures vanquished.

Vanquished Creatures (others)
  688 foxfires
  2 plants (D:2)
690 creatures vanquished.

Grand Total: 877 creatures vanquished

Notes
Turn   | Place    | Note
-------+----------+-------------------------------------------
     0 | D:1      | rogsnak the Barachi Fire Elementalist began the quest for
                  | the Orb.
     0 | D:1      | Reached XP level 1. HP: 13/13 MP: 3/3
   344 | D:1      | Reached XP level 2. HP: 19/19 MP: 0/5
   454 | D:1      | Found a faded altar of an unknown god.
   990 | D:1      | Reached XP level 3. HP: 24/24 MP: 3/6
  1907 | D:2      | Reached XP level 4. HP: 21/30 MP: 2/8
  2188 | D:2      | Learned a level 2 spell: Scorch
  2193 | D:2      | Learned a level 4 spell: Flame Wave
  2796 | D:3      | Found a shimmering altar of Xom.
  2822 | D:3      | Found a shimmering blue altar of Sif Muna.
  2829 | D:3      | Became a worshipper of Sif Muna the Loreminder
  3008 | D:3      | Reached XP level 5. HP: 36/36 MP: 4/9
  3638 | D:4      | Noticed a phantom
  3644 | D:4      | Killed a phantom
  3742 | D:4      | Reached XP level 6. HP: 42/42 MP: 7/11
  3778 | D:4      | Found a radiant altar of Vehumet.
  3778 | D:4      | Found a glowing silver altar of Zin.
  3905 | D:4      | Reached skill level 5 in Fire Magic
  4152 | D:4      | Reached XP level 7. HP: 44/47 MP: 0/12
  4324 | D:4      | Found a hazy altar of Hepliaklqana.
  4485 | D:4      | Reached * piety under Sif Muna
  4694 | D:4      | Reached skill level 1 in Fighting
  4803 | D:4      | Reached skill level 5 in Conjurations
  5186 | D:5      | Entered Level 5 of the Dungeon
  5271 | D:5      | Reached XP level 8. HP: 54/54 MP: 8/15
  5351 | D:5      | Reached skill level 5 in Spellcasting
  6409 | D:5      | Found a staircase to the Ecumenical Temple.
  6479 | D:5      | Found an iron altar of Okawaru.
  7195 | D:6      | Reached XP level 9. HP: 39/59 MP: 10/18
  7399 | D:6      | Noticed Maggie
  7646 | D:7      | Found a hide-covered altar of Uskayaw.
  7897 | D:7      | Reached ** piety under Sif Muna
  8132 | D:7      | Reached skill level 1 in Armour
  8147 | D:7      | Noticed a +0 hand axe
  8147 | D:7      | Noticed a +0 dagger
  8258 | D:6      | Killed Maggie
  8639 | D:6      | Noticed Dowan
  8715 | D:6      | Noticed Duvessa
  8725 | D:6      | Reached XP level 10. HP: 66/66 MP: 21/21
  8735 | D:6      | Killed Duvessa
  8749 | D:6      | Noticed Grinder
  8977 | D:6      | Killed Dowan
  9200 | D:6      | Killed Grinder
  9600 | D:8      | Noticed a centaur warrior
  9656 | D:8      | Reached *** piety under Sif Muna
  9692 | D:8      | Found a transporter.
  9693 | D:8      | Identified the +6 great mace of Virtue {venom, +Rage Fly
                  | rPois}
  9693 | D:8      | Noticed a two-headed ogre
  9694 | D:8      | Noticed dolemite99's ghost (novice GrEE)
  9695 | D:8      | Found a transporter.
  9808 | D:8      | Paralysed by a hornet for 3 turns
  9816 | D:8      | HP: 4/99 [poisoned by a hornet]
  9820 | D:8      | HP: 1/99 [poisoned by a hornet]
 10163 | D:8      | Found a sparkling altar of Nemelex Xobeh.
 10232 | D:8      | Upgraded the game from 0.28-a0-425-gd0eccab798 to
                  | 0.28-a0-429-g1448048969
 10235 | D:8      | Learned a level 2 spell: Searing Ray
 10571 | D:8      | Shot with an arrow by a centaur warrior

Illustrated notes

Levels and vault maps discovered:
D:1:      dpeg_arrival_rhombi, layout_basic, hellmonk_ecumenical_altar_lost_god
D:2:      layout_loops_ring, minmay_shallow_snake_nest
D:3:      wander_river, layout_basic, amethyst_overflow_temple_binary,
          kennysheep_generic_room_12
D:4:      layout_rooms, worldfamousw_hep_ancestral_shrine, jmf_multi_god_temple,
          nzn_random_ring
D:5:      layout_basic, mainiacjoe_overflow_small_starburst,
          minmay_temple_entry_arrows, grunt_ministairs_10, dk_rats_in_the_wall
D:6:      layout_basic, chequers_mini_garden, uniq_grinder, uniq_duvessa,
          uniq_maggie
D:7:      black_bear_nest_1, layout_rooms, dancing_weapons_uskayaw
D:8:      layout_basic, kennysheep_little_box, kennysheep_mini_moat,
          gammafunk_ghost_smash, minmay_misc_feat_room,
          minmay_increasing_density

Skill      XL: |  1  2  3  4  5  6  7  8  9 10 |
---------------+-------------------------------+-----
Fire Magic     | 4 5 6 7 9 |  9.9
Stealth        | 2 |  2.0
Conjurations   | 2 3 4 5 6 8 9 |  9.0
Spellcasting   | 3 4 6 7 8 |  8.9
Fighting       | 1 |  1.5
Armour         | 1 3 |  3.0
Dodging        | |  2.8

Action                   |  1- 3 |  4- 6 |  7- 9 | 10-12 || total
-------------------------+-------+-------+-------+-------++-------
Melee: Unarmed           |     6 |       |       |       ||     6
       Dagger            |     8 |    17 |     9 |       ||    34
       Whip              |       |     3 |    39 |       ||    42
 Cast: Foxfire           |    78 |    95 |   171 |    73 ||   417
       Scorch            |       |     8 |    43 |    33 ||    84
       Flame Wave        |       |       |     5 |     1 ||     6
 Abil: Hop               |       |     1 |       |     2 ||     3
Evoke: Wand              |       |       |       |     2 ||     2
  Use: Potion            |       |       |       |     1 ||     1
Armor: Robe              |     3 |     5 |    14 |       ||    22
       Acid dragon scale |       |       |     6 |     3 ||     9
Dodge: Dodged            |    15 |    22 |    54 |    19 ||   110

Table legend: (Time is in decaauts)
 A = Elapsed time spent in this place.
 B = Non-inter-level travel time spent in this place.
 C = Inter-level travel time spent in this place.
 D = Time resting spent in this place.
 E = Time spent auto-exploring this place.
 F = Levels seen in this place.
 G = Mean time per level.
                   A        B        C        D        E       F      G
               +--------+--------+--------+--------+--------+-----+--------+
         Total |  11609 |  11413 |    196 |   2263 |   6857 |   8 | 1451.1 |
       Dungeon |  11609 |  11413 |    196 |   2263 |   6857 |   8 | 1451.1 |
               +--------+--------+--------+--------+--------+-----+--------+

Top non-repeatable levels by time:
     D:4: 2545 daAuts
     D:6: 1458 daAuts
     D:5: 1428 daAuts
     D:1: 1347 daAuts
     D:2: 1332 daAuts
     D:3: 1291 daAuts
     D:8: 1134 daAuts
     D:7: 1071 daAuts
